NCAA
OKLAHOMA SOONERS @ STANFORD CARDINAL
02/09/2060
 
TOP OF THE 1ST
Oklahoma Sooners batting - Pitching for Stanford Cardinal : LHP Nate Castelli
Pitching: LHP Nate Castelli
Batting: RHB James Kochan 0-0: Called Strike
0-1: Foul Ball, location: 2F
0-2: Ball
1-2: Strikes out swinging
Batting: LHB Marcus Valdez 0-0: Ball
1-0: Bunt for hit to P - play at first, batter OUT! 1-3
Batting: RHB Chase McNeil 0-0: Ball
1-0: Ball
2-0: SINGLE (Groundball, 34D, EV 96.2 MPH)
Batting: SHB Erik Gripka 0-0: Swinging Strike
0-1: Ball
1-1: Ball
2-1: Ball
Pickoff Throw to First - Out! 1-3
Top of the 1st over - 0 runs, 1 hit, 0 errors, 0 left on base; Oklahoma 0 - Stanford 0
BOTTOM OF THE 1ST
Stanford Cardinal batting - Pitching for Oklahoma Sooners : RHP Jerome Ibarra
Pitching: RHP Jerome Ibarra
Batting: RHB Kurt de la Piedra 0-0: Called Strike
0-1: Ball
1-1: Fly out, F9 (Flyball, 9, EV 88.8 MPH)
Batting: LHB Zavier Cobb 0-0: Ball
1-0: Foul Ball, location: 2F
1-1: Foul Ball, location: 2F
1-2: Ball
2-2: Ball
3-2: SINGLE (Groundball, 3D, EV 101.2 MPH)
Batting: RHB Lawrence Rawson 0-0: Called Strike
0-1: Ball
1-1: Foul Ball, location: 2F
1-2: Strikes out swinging
Batting: LHB Phillip Rothlisberger 0-0: Called Strike
Zavier Cobb steals 2nd, throwing error, E2
Zavier Cobb to third
0-1: Swinging Strike
0-2: Ball
1-2: Strikes out swinging
Bottom of the 1st over - 0 runs, 1 hit, 1 error, 1 left on base; Oklahoma 0 - Stanford 0
TOP OF THE 2ND
Oklahoma Sooners batting - Pitching for Stanford Cardinal : LHP Nate Castelli
Batting: SHB Erik Gripka 0-0: Ball
1-0: Ball
2-0: Called Strike
2-1: Ground out 5-3 (Groundball, 56, EV 105.6 MPH)
Batting: RHB O.K. Luzak 0-0: Called Strike
0-1: Foul Ball, location: 2F
0-2: Strikes out looking
Batting: SHB Abe Haag 0-0: Ball
1-0: Called Strike
1-1: Called Strike
1-2: Strikes out swinging, 2-3 out at first.
Top of the 2nd over - 0 runs, 0 hits, 0 errors, 0 left on base; Oklahoma 0 - Stanford 0
BOTTOM OF THE 2ND
Stanford Cardinal batting - Pitching for Oklahoma Sooners : RHP Jerome Ibarra
Batting: LHB Brian Elder 0-0: Ball
1-0: Foul Ball, location: 2F
1-1: Ball
2-1: SINGLE (Line Drive, 34, EV 106.9 MPH)
Batting: RHB Richard Ernst 0-0: Ball
1-0: Grounds into double play, 5-4-3 (Groundball, 56, EV 96.2 MPH)
Batting: RHB Nat Hill 0-0: Fly out, F8 (Flyball, 8RM, EV 95.6 MPH)
Bottom of the 2nd over - 0 runs, 1 hit, 0 errors, 0 left on base; Oklahoma 0 - Stanford 0
TOP OF THE 3RD
Oklahoma Sooners batting - Pitching for Stanford Cardinal : LHP Nate Castelli
Batting: RHB Andy Bottoms 0-0: Foul Ball, location: 2F
0-1: Swinging Strike
0-2: Strikes out swinging
Batting: RHB Gabe Woods 0-0: Ball
1-0: Ball
2-0: Swinging Strike
2-1: Fly out, F9 (Flyball, 9, EV 89.4 MPH)
Batting: RHB Marvin Reierson 0-0: Called Strike
0-1: Ball
1-1: Foul Ball, location: 2F
1-2: Ball
2-2: Foul Ball, location: 2F
2-2: SINGLE (Groundball, 6MD, EV 103.1 MPH)
Batting: RHB James Kochan 0-0: Called Strike
0-1: Called Strike
Marvin Reierson is caught stealing 2nd base 2-4
Top of the 3rd over - 0 runs, 1 hit, 0 errors, 0 left on base; Oklahoma 0 - Stanford 0
BOTTOM OF THE 3RD
Stanford Cardinal batting - Pitching for Oklahoma Sooners : RHP Jerome Ibarra
Batting: RHB Deven Copeland 0-0: Called Strike
0-1: Swinging Strike
0-2: Ball
1-2: Ground out 4-3 (Groundball, 34D, EV 111.9 MPH)
Batting: RHB Peyton Beidelman 0-0: Ball
1-0: Swinging Strike
1-1: Called Strike
1-2: Foul Ball, location: 2F
1-2: Fly out, F9 (Flyball, 89D, EV 96.2 MPH)
Batting: RHB Kurt de la Piedra 0-0: Swinging Strike
0-1: Foul Ball, location: 2F
0-2: Fly out, F3 (Popup, 3L, EV 62.5 MPH)
Bottom of the 3rd over - 0 runs, 0 hits, 0 errors, 0 left on base; Oklahoma 0 - Stanford 0
TOP OF THE 4TH
Oklahoma Sooners batting - Pitching for Stanford Cardinal : LHP Nate Castelli
Batting: RHB James Kochan 0-0: Foul Ball, location: 2F
0-1: SINGLE (Line Drive, 4D, EV 96.9 MPH)
Batting: LHB Marcus Valdez 0-0: Called Strike
0-1: Called Strike
James Kochan is caught stealing 2nd base 2-6
0-2: Strikes out swinging
Batting: RHB Chase McNeil 0-0: Ball
1-0: Ball
2-0: Called Strike
2-1: Ball
3-1: SINGLE (Line Drive, 7LS, EV 109.4 MPH)
Batting: SHB Erik Gripka 0-0: Called Strike
0-1: Foul Ball, location: 2F
0-2: Strikes out swinging
Top of the 4th over - 0 runs, 2 hits, 0 errors, 1 left on base; Oklahoma 0 - Stanford 0
BOTTOM OF THE 4TH
Stanford Cardinal batting - Pitching for Oklahoma Sooners : RHP Jerome Ibarra
Batting: LHB Zavier Cobb 0-0: Called Strike
0-1: SINGLE (Line Drive, 9S, EV 98.8 MPH)
Batting: RHB Lawrence Rawson 0-0: Ball
1-0: Called Strike
1-1: Ball
2-1: Ball
3-1: Base on Balls
Zavier Cobb to second
Batting: LHB Phillip Rothlisberger 0-0: Ball
1-0: Ball
2-0: Called Strike
2-1: Called Strike
2-2: Strikes out swinging
Batting: LHB Brian Elder 0-0: Foul Ball, location: 2F
0-1: TRIPLE (Groundball, 3L, EV 94.4 MPH)
Zavier Cobb scores
Lawrence Rawson scores
Batting: RHB Richard Ernst 0-0: Called Strike
0-1: Ball
1-1: Fly out, F8 (Flyball, 8RM, EV 90.6 MPH)
Runner from 3rd tags up, OUT at HOME! 8-2
Bottom of the 4th over - 2 runs, 2 hits, 0 errors, 0 left on base; Oklahoma 0 - Stanford 2
TOP OF THE 5TH
Oklahoma Sooners batting - Pitching for Stanford Cardinal : LHP Nate Castelli
Batting: RHB O.K. Luzak 0-0: Called Strike
0-1: Called Strike
0-2: Strikes out looking
Batting: SHB Abe Haag 0-0: Ground out 6-3 (Groundball, 6, EV 107.5 MPH)
Batting: RHB Andy Bottoms 0-0: Foul Ball, location: 2F
0-1: Called Strike
0-2: Foul Ball, location: 2F
0-2: Ball
1-2: Ground out 6-3 (Groundball, 6, EV 80.6 MPH)
Top of the 5th over - 0 runs, 0 hits, 0 errors, 0 left on base; Oklahoma 0 - Stanford 2
BOTTOM OF THE 5TH
Stanford Cardinal batting - Pitching for Oklahoma Sooners : RHP Jerome Ibarra
Batting: RHB Nat Hill 0-0: Ball
1-0: Ball
2-0: Fly out, F8 (Flyball, 8LM, EV 83.1 MPH)
Batting: RHB Deven Copeland 0-0: Ball
1-0: Swinging Strike
1-1: Foul Ball, location: 2F
1-2: Foul Ball, location: 2F
1-2: Foul Ball, location: 2F
1-2: SINGLE (Line Drive, 4MD, EV 95.6 MPH)
Batting: RHB Peyton Beidelman 0-0: Called Strike
0-1: Foul Ball, location: 2F
0-2: Ball
1-2: Ball
2-2: Ball
3-2: Fielders Choice at 2nd, 5-4 (Groundball, 56, EV 85.0 MPH)
Batting: RHB Kurt de la Piedra 0-0: Called Strike
0-1: Ball
1-1: Fielders Choice at 2nd, 6-4 (Groundball, 6, EV 105.6 MPH)
Bottom of the 5th over - 0 runs, 1 hit, 0 errors, 1 left on base; Oklahoma 0 - Stanford 2
TOP OF THE 6TH
Oklahoma Sooners batting - Pitching for Stanford Cardinal : LHP Nate Castelli
Batting: RHB Gabe Woods 0-0: Ball
1-0: Fly out, F9 (Flyball, 89D, EV 91.9 MPH)
Batting: RHB Marvin Reierson 0-0: Ball
1-0: Called Strike
1-1: Ball
2-1: Foul Ball, location: 2F
2-2: Ball
3-2: SINGLE (Flyball, 34D, EV 93.1 MPH)
Batting: RHB James Kochan 0-0: SINGLE (Line Drive, 6M, EV 97.5 MPH)
Marvin Reierson to second
Batting: LHB Marcus Valdez 0-0: Foul Ball, location: 2F
0-1: Fly out, F9 (Flyball, 89M, EV 91.2 MPH)
Batting: RHB Chase McNeil 0-0: Foul Ball, location: 2F
0-1: Called Strike
0-2: Strikes out swinging
Top of the 6th over - 0 runs, 2 hits, 0 errors, 2 left on base; Oklahoma 0 - Stanford 2
BOTTOM OF THE 6TH
Stanford Cardinal batting - Pitching for Oklahoma Sooners : RHP Jerome Ibarra
Batting: LHB Zavier Cobb 0-0: Ball
1-0: Ball
2-0: SINGLE (Line Drive, 4D, EV 96.9 MPH)
Batting: RHB Lawrence Rawson 0-0: Ball
1-0: Called Strike
1-1: Ball
2-1: Ball
3-1: Base on Balls
Zavier Cobb to second
Batting: LHB Phillip Rothlisberger 0-0: 3-RUN HOME RUN (Flyball, 9LD, EV 91.9 MPH), Distance : 348 ft
Pitching: RHP Dalton Buffo
Batting: LHB Brian Elder 0-0: Fly out, F6 (Popup, 6M, EV 74.4 MPH)
Batting: RHB Richard Ernst 0-0: Foul Ball, location: 2F
0-1: Ball
1-1: Ball
2-1: Called Strike
2-2: Fly out, F8 (Flyball, 89M, EV 78.8 MPH)
Batting: RHB Nat Hill 0-0: Called Strike
0-1: Ball
1-1: Foul Ball, location: 2F
1-2: Fly out, F8 (Flyball, 8RXD, EV 86.2 MPH)
Bottom of the 6th over - 3 runs, 2 hits, 0 errors, 0 left on base; Oklahoma 0 - Stanford 5
TOP OF THE 7TH
Oklahoma Sooners batting - Pitching for Stanford Cardinal : LHP Nate Castelli
Batting: SHB Erik Gripka 0-0: Called Strike
0-1: Called Strike
0-2: Foul Ball, location: 2F
0-2: Strikes out swinging
Batting: RHB O.K. Luzak 0-0: Ball
1-0: Swinging Strike
1-1: Foul Ball, location: 2F
1-2: Strikes out swinging
Batting: SHB Abe Haag 0-0: Ball
1-0: Called Strike
1-1: Ball
2-1: Foul Ball, location: 2F
2-2: Strikes out swinging
Top of the 7th over - 0 runs, 0 hits, 0 errors, 0 left on base; Oklahoma 0 - Stanford 5
BOTTOM OF THE 7TH
Stanford Cardinal batting - Pitching for Oklahoma Sooners : RHP Dalton Buffo
Batting: RHB Deven Copeland 0-0: Fly out, F8 (Line Drive, 89M, EV 100.0 MPH)
Batting: RHB Peyton Beidelman 0-0: Foul Ball, location: 2F
0-1: Swinging Strike
0-2: Ball
1-2: Strikes out swinging
Batting: RHB Kurt de la Piedra 0-0: Ball
1-0: Foul Ball, location: 2F
1-1: Foul Ball, location: 2F
1-2: Foul Ball, location: 2F
1-2: Foul Ball, location: 2F
1-2: Ball
2-2: Ground out 4-3 (Groundball, 4, EV 82.5 MPH)
Bottom of the 7th over - 0 runs, 0 hits, 0 errors, 0 left on base; Oklahoma 0 - Stanford 5
TOP OF THE 8TH
Oklahoma Sooners batting - Pitching for Stanford Cardinal : LHP Nate Castelli
Pitching: RHP Elisha Awtry
Batting: RHB Andy Bottoms 0-0: Ground out U3 (Groundball, 34S, EV 91.2 MPH)
Pinch Hitting: LHB Cornelius Holt 0-0: Called Strike
0-1: Foul Ball, location: 2F
0-2: Reached on error, E4 (Groundball, 4M, EV 100.6 MPH)
Batting: RHB Marvin Reierson 0-0: Ball
1-0: Foul Ball, location: 2F
1-1: Ball
2-1: Ball
3-1: Base on Balls
Cornelius Holt to second
Batting: RHB James Kochan 0-0: Ball
1-0: Ball
2-0: Ball
3-0: Base on Balls
Cornelius Holt to third
Marvin Reierson to second
Batting: LHB Marcus Valdez 0-0: Foul Ball, location: 2F
0-1: Ball
1-1: Ball
2-1: Swinging Strike
2-2: Foul Ball, location: 2F
2-2: Ball
3-2: Fly out, F6 (Popup, 6M, EV 50.0 MPH)
Batting: RHB Chase McNeil 0-0: Called Strike
0-1: Ball
1-1: Ball
2-1: Ball
3-1: Foul Ball, location: 2F
3-2: Foul Ball, location: 2F
3-2: Base on Balls
Cornelius Holt scores
Marvin Reierson to third
James Kochan to second
Batting: SHB Erik Gripka 0-0: Called Strike
0-1: Ball
1-1: Swinging Strike
1-2: Ball
2-2: Strikes out swinging
Top of the 8th over - 1 run, 0 hits, 1 error, 3 left on base; Oklahoma 1 - Stanford 5
BOTTOM OF THE 8TH
Stanford Cardinal batting - Pitching for Oklahoma Sooners : RHP Dalton Buffo
Now at SS: Andy Bottoms
Now in RF: Cornelius Holt
Batting: LHB Zavier Cobb 0-0: Swinging Strike
0-1: Fly out, F9 (Flyball, 9LD, EV 96.9 MPH)
Batting: RHB Lawrence Rawson 0-0: Ball
1-0: Foul Ball, location: 2F
1-1: Ball
2-1: Ball
3-1: Base on Balls
Batting: LHB Phillip Rothlisberger 0-0: Fly out, F2 (Popup, 23F, EV 86.9 MPH)
Batting: LHB Brian Elder 0-0: Ball
1-0: Ball
2-0: Ground out 4-3 (Groundball, 34, EV 84.4 MPH)
Bottom of the 8th over - 0 runs, 0 hits, 0 errors, 1 left on base; Oklahoma 1 - Stanford 5
TOP OF THE 9TH
Oklahoma Sooners batting - Pitching for Stanford Cardinal : RHP Elisha Awtry
Batting: RHB O.K. Luzak 0-0: Called Strike
0-1: Ball
1-1: Foul Ball, location: 2F
1-2: SINGLE (Flyball, 89S, EV 84.4 MPH)
Batting: SHB Abe Haag 0-0: Called Strike
0-1: Ground out 5-3 (Groundball, 5L, EV 90.0 MPH)
O.K. Luzak to second
Batting: RHB Andy Bottoms 0-0: Hit by Pitch
Pitching: LHP Xavier Alevedo
Batting: LHB Cornelius Holt 0-0: Ball
1-0: Ball
2-0: Foul Ball, location: 2F
2-1: Foul Ball, location: 2F
2-2: Ground out 5-3 (Groundball, 56S, EV 72.5 MPH)
O.K. Luzak to third
Andy Bottoms to second
Batting: RHB Marvin Reierson 0-0: Ground out 6-3 (Groundball, 6D, EV 105.0 MPH)
Top of the 9th over - 0 runs, 1 hit, 0 errors, 2 left on base; Oklahoma 1 - Stanford 5
Sunday, April 14th , 2024 - OOTP Baseball 23.10 Build 110